 Dungeon Crawl Stone Soup version 0.28-a0-1435-g82390b3a13 (webtiles) character file.

Game seed: 4287245241494509209

369 bande the Covered (level 6, 0/38 HPs)
             Began as a Gargoyle Fighter on Jan 9, 2022.
             Killed by divine providence
             ... invoked by an orc priest
              (14 damage)
             ... on level 5 of the Dungeon.
             The game lasted 00:05:41 (5185 turns).

bande the Covered (Gargoyle Fighter)                Turns: 5185, Time: 00:05:42

Health: 0/38       AC: 14    Str: 19    XL:     6   Next: 70%
Magic:  6/6        EV:  9    Int:  9    God:
Gold:   165        SH:  5    Dex: 11    Spells: 5/5 levels left

rFire   . . .      SeeInvis .   a - +0 war axe
rCold   + . .      Faith    .   c - +1 buckler
rNeg    + . .      Spirit   .   b - +0 scale mail
rPois   ∞          Reflect  .   (no helmet)
rElec   +          Harm     .   (no cloak)
rCorr   .          Rampage  .   j - +1 pair of gloves
Will    .....                   (no boots)
Stlth   ..........              (no amulet)
HPRegen 0.12/turn               h - ring of protection from cold
MPRegen 0.10/turn               (no ring)

@: no status effects
A: sickness immunity, AC +4, negative energy resistance 1, electricity
resistance, torment resistance 1, petrification resistance, mutation resistance
1
a: no special abilities


You were on level 5 of the Dungeon.
You visited 1 branch of the dungeon, and saw 5 of its levels.

You collected 165 gold pieces.

Inventory:

Hand Weapons
 a - a +0 war axe (weapon)
 e - a +0 flail
Armour
 b - a +0 scale mail (worn)
 c - a +1 buckler (worn)
 j - a +1 pair of gloves (worn)
 k - an orb of light
Jewellery
 h - a ring of protection from cold (left hand)
Wands
 g - a wand of iceblast (12)
 l - a wand of polymorph (6)
Scrolls
 f - 3 scrolls of enchant armour
 n - a scroll of teleportation
Potions
 d - a potion of might
 i - a potion of flight
 m - a potion of ambrosia
 o - a potion of curing


   Skills:
 + Level 4.3 Fighting
 + Level 4.3 Axes
 + Level 5.1 Armour
 + Level 3.9 Shields
 * Level 0.9 Evocations


You had 5 spell levels left.
You didn't know any spells.
Your spell library contained the following spells:

 Spells                   Type           Power      Damage    Failure   Level
 Ensorcelled Hibernation  Hex/Ice        0%         N/A       92%         2
 Spider Form              Tmut/Pois      0%         N/A       99%         3


Dungeon Overview and Level Annotations

Branches:
Dungeon (5/15)
 Temple: D:4-7

Altars:

Shops:
D:1 :


Innate Abilities, Weirdness & Mutations

You are immune to sickness and miasma.
Your stone body is resilient. (AC +4)
You are immune to poison.
You resist negative energy. (rN+)
You are resistant to electric shocks. (rElec)
You are resistant to unholy torment.
You are immune to petrification.
You are somewhat resistant to further mutation.


Message History

The orc wizard hits you with a +0 dagger.
The orc wizard points at you and mumbles some strange words.
You are confused.
You closely miss the orc wizard.
The orc wizard is heavily wounded.
The orc wizard barely misses you.
Unknown command.
You bump into the rock wall.
Unknown command.
The orc hits you with a +0 flail.
You bump into the rock wall.
The orc wizard hits you but does no damage.
The orc hits you but does no damage.
You're too confused to move!
You feel less confused. The orc wizard barely misses you.
The orc hits you but does no damage.
You hit the orc wizard but do no damage.
The orc wizard is heavily wounded.
You hit the orc. You block the orc wizard's attack.
The orc completely misses you. You block the orc wizard's attack.
You hit the orc.
The orc is almost dead.
The orc hits you with a +0 flail.
You hit the orc but do no damage.
The orc is almost dead.
The orc hits you but does no damage.
You slash the orc wizard!
You kill the orc wizard!
You slash the orc!
You kill the orc!
You hit the orc.
You kill the orc!
You slash the orc priest!
The orc priest is severely wounded.
The orc priest barely misses you.
You hit the orc priest but do no damage.
The orc priest is severely wounded.
The orc priest mumbles some strange prayers to Beogh against you.
Beogh smites you!
You die...

...[...##...#.##.####
... #...............
.$# ####...#######.#
..= ##.## #.# #Z#
#####.########.# #o#
#..............# #)#
#.###.##########
#######.###.###.#
.......Zo@......#
#################


You could see an orc priest and a water moccasin skeleton.

Vanquished Creatures
  A scorpion (D:4)
  2 hounds (D:3)
  Jessica (D:3)
  An iguana (D:4)
  Ijyb (D:3)
  An orc wizard (D:5)
  A hound skeleton (D:4)
  5 adders
  2 dart slugs
  14 orcs
  7 endoplasms
  6 giant cockroaches
  4 goblins
  2 hobgoblins (D:2)
  4 jackals (D:3)
  2 kobolds
  A quokka (D:2)
  16 ball pythons
  3 bats
  A frilled lizard (D:1)
  A rat (D:1)
76 creatures vanquished.

Notes
Turn   | Place    | Note
-------+----------+-------------------------------------------
     0 | D:1      | bande the Gargoyle Fighter began the quest for the Orb.
     0 | D:1      | Reached XP level 1. HP: 14/14 MP: 1/1
    70 | D:1      | Found Votuse Uju's Book Emporium.
   604 | D:1      | Reached XP level 2. HP: 11/19 MP: 2/2
  1166 | D:1      | Found a faded altar of an unknown god.
  1357 | D:2      | Reached XP level 3. HP: 23/23 MP: 3/3
  1486 | D:2      | Reached skill level 4 in Armour
  2598 | D:3      | Gained mutation: You have sharp toenails. [potion of
                  | mutation]
  2598 | D:3      | Gained mutation: You are clumsy. (Dex -2) [potion of
                  | mutation]
  2599 | D:3      | Lost mutation: You have sharp toenails. [potion of
                  | mutation]
  2599 | D:3      | Lost mutation: You are clumsy. (Dex -2) [potion of
                  | mutation]
  2599 | D:3      | Gained mutation: You are somewhat resistant to further
                  | mutation. [potion of mutation]
  2697 | D:3      | Reached XP level 4. HP: 25/29 MP: 4/4
  2975 | D:3      | Identified the +8 trident of Conscience {flame, Int+3}
  3012 | D:3      | Reached XP level 5. HP: 33/33 MP: 5/5
  3025 | D:3      | Noticed Ijyb
  3035 | D:3      | Killed Ijyb
  3213 | D:3      | Noticed Jessica
  3220 | D:3      | You fall into a shaft and drop 1 floor!
  3452 | D:3      | Killed Jessica
  3847 | D:3      | Reached XP level 6. HP: 36/38 MP: 6/6
  4641 | D:4      | Reached skill level 5 in Armour
  5111 | D:5      | Entered Level 5 of the Dungeon
  5185 | D:5      | Killed from afar by an orc priest

Illustrated notes

Levels and vault maps discovered:
D:1:      minmay_arrival_three_doors, layout_loops_corners,
          basic_ecumenical_altar, serial_shops, nicolae_shop_stone,
          chequers_serial_rivers_micro_c
D:2:      layout_rooms, kennysheep_generic_room_6
D:3:      layout_basic, uniq_ijyb, uniq_jessica
D:4:      layout_gridville
D:5:      layout_loops_ring

Skill      XL: |  1  2  3  4  5  6 |
---------------+-------------------+-----
Axes           | 2 3 4 |  4.3
Armour         | 4 5 |  5.1
Fighting       | 4 |  4.3
Shields        | |  3.9
Evocations     | |  0.9

Action                   |  1- 3 |  4- 6 || total
-------------------------+-------+-------++-------
Melee: War axe           |   115 |   139 ||   254
  Use: Scroll            |     6 |     5 ||    11
       Potion            |     2 |       ||     2
Armor: Scale mail        |    79 |    70 ||   149
Dodge: Dodged            |    57 |    61 ||   118
Block: Buckler           |    32 |    37 ||    69

Table legend: (Time is in decaauts)
 A = Elapsed time spent in this place.
 B = Non-inter-level travel time spent in this place.
 C = Inter-level travel time spent in this place.
 D = Time resting spent in this place.
 E = Time spent auto-exploring this place.
 F = Levels seen in this place.
 G = Mean time per level.
                   A        B        C        D        E       F      G
               +--------+--------+--------+--------+--------+-----+--------+
         Total |   5284 |   5195 |     89 |   1221 |   3227 |   5 | 1056.8 |
       Dungeon |   5284 |   5195 |     89 |   1221 |   3227 |   5 | 1056.8 |
               +--------+--------+--------+--------+--------+-----+--------+

Top non-repeatable levels by time:
     D:3: 1571 daAuts
     D:4: 1335 daAuts
     D:1: 1263 daAuts
     D:2: 1035 daAuts
     D:5: 79 daAuts
